 Dungeon Crawl Stone Soup version 0.30.0-30-g96aa6591b8 (webtiles) character file.

Game seed: 12810549053077925011

93 Ayven the Shooter (level 4, -5/37 HPs)
             Began as a Minotaur Hunter on June 29, 2023.
             Was an Initiate of Okawaru.
             Killed by an exploding rat (21 damage)
             ... ignited by their inner flame
             ... on level 2 of the Dungeon.
             The game lasted 00:07:12 (1191 turns).

Ayven the Shooter (Minotaur Hunter)                 Turns: 1191, Time: 00:07:13

Health: -5/37      AC:  3    Str: 15    XL:     4   Next: 37%
Magic:  3/3        EV: 12    Int:  6    God:    Okawaru [......]
Gold:   66         SH:  0    Dex: 16    Spells: 3/3 levels left

rFire   . . .        a - +0 shortbow
rCold   . . .        (shield currently unavailable)
rNeg    . . .        c - +0 leather armour
rPois   .            (helmet restricted)
rElec   .            (no cloak)
rCorr   .            (no gloves)
SInv    .            (no boots)
Will    .....        (no amulet)
Stlth   +            (no ring)
HPRegen 0.26/turn    (no ring)
MPRegen 0.08/turn

%: no passive effects
@: slowed, very slow
A: horns 2, retaliatory headbutt
a: Renounce Religion


You were on level 2 of the Dungeon.
You worshipped Okawaru.
Okawaru was noncommittal.
You visited 1 branch of the dungeon, and saw 2 of its levels.

You collected 66 gold pieces.

Inventory:

Hand Weapons
 a - a +0 shortbow (weapon)
Armour
 c - a +0 leather armour (worn)
Scrolls
 b - a scroll of immolation
 e - a scroll of amnesia {unknown}
 f - a scroll of teleportation {unknown}
 i - a scroll of identify {unknown}
 j - a scroll of vulnerability {unknown}
 l - 3 scrolls of fog {unknown}
Potions
 d - 2 potions of berserk rage {unknown}
 g - 3 potions of mutation {unknown}
 h - a potion of curing {unknown}
 k - a potion of lignification {unknown}


   Skills:
 - Level 2.4 Fighting
 + Level 6.0 Ranged Weapons
 * Level 3.1 Dodging
 - Level 0.7 Stealth


You had 3 spell levels left.
You didn't know any spells.
Your spell library was empty.

Dungeon Overview and Level Annotations

Branches:
Dungeon (2/15)

Altars:
Okawaru

Annotations:
D:2 Natasha


Innate Abilities, Weirdness & Mutations

You have a pair of horns on your head.
You reflexively headbutt those who attack you in melee.


Message History

Natasha is heavily wounded.
Fire: a) +0 shortbow
Press: ? - help, Q - select action Shift-Dir - straight line, f/p - Natasha
Aim: Natasha (heavily wounded, 58% to hit)
You shoot an arrow. The arrow closely misses Natasha.
The rat bites you.
You shoot an arrow. The arrow closely misses the rat.
The cerulean imp hits you from afar with a +1 spear.
The rat bites you. The rat closely misses you.
Natasha stares at you and mumbles some strange words.
You feel yourself slow down.
The cerulean imp hits you from afar with a +1 spear.
Fire: a) +0 shortbow
Press: ? - help, Q - select action Shift-Dir - straight line, f - Natasha, p - rat
Aim: Natasha (heavily wounded, 58% to hit)
You shoot an arrow. The arrow barely misses Natasha.
The rat bites you but does no damage.
The cerulean imp hits you from afar with a +1 spear.
Natasha howls an incantation.
Natasha shimmers violently.
The rat bites you.
Fire: a) +0 shortbow
Press: ? - help, Q - select action Shift-Dir - straight line, f/p - Natasha
Aim: Natasha (heavily wounded, 58% to hit)
You shoot an arrow. The arrow hits Natasha.
Natasha is almost dead.
The cerulean imp closely misses you. Natasha claws you!
The rat barely misses you.
The cerulean imp hits you but does no damage.
Natasha claws you but does no damage. The rat barely misses you.
As you read the scroll of immolation, it crumbles to dust.
The creatures around you are filled with an inner flame!
The cerulean imp closely misses you. Natasha barely misses you.
The rat misses you. You furiously retaliate!
You headbutt the rat! Okawaru accepts your kill.
The rat explodes!
The fiery explosion engulfs you!!
Ouch! That really hurt!
You die...

#.##.# #####.##.#
#.....##.#####
#.######.....# #####.#
#####.# #.....# #.#
##.##### #.#####
....#############.....#
....'......>....@§###.#
....#######.....h§#
....# #.....5§§...#
....# #$....?.##..#
..### #.......# .# ..#
#.......# # ..#
#.......# ..# #.......#
#.###....


You could see Natasha (inner flame) and a cerulean imp (summoned, inner flame).

Vanquished Creatures
  Natasha (D:2)
  3 adders (D:2)
  3 dart slugs
  3 ball pythons
  3 bats (D:1)
  4 endoplasms
  2 goblins (D:1)
  7 hobgoblins
  2 jackals (D:2)
  2 frilled lizards
  A kobold (D:1)
  4 rats
35 creatures vanquished.

Notes
Turn   | Place    | Note
-------+----------+-------------------------------------------
     0 | D:1      | Ayven the Minotaur Hunter began the quest for the Orb.
     0 | D:1      | Reached XP level 1. HP: 18/18 MP: 0/0
   103 | D:1      | Found a faded altar of an unknown god.
   147 | D:1      | Reached XP level 2. HP: 20/25 MP: 1/1
   326 | D:1      | Reached skill level 5 in Ranged Weapons
   803 | D:2      | Reached XP level 3. HP: 26/30 MP: 2/2
   830 | D:2      | Found an iron altar of Okawaru.
   842 | D:2      | Became a worshipper of Warmaster Okawaru
   937 | D:2      | Noticed Natasha
   946 | D:2      | Killed Natasha
   947 | D:2      | Reached XP level 4. HP: 9/37 MP: 3/3
  1131 | D:2      | Reached skill level 6 in Ranged Weapons
  1183 | D:2      | Noticed Natasha
  1191 | D:2      | Killed by an exploding rat... ignited by their inner flame

Illustrated notes

Levels and vault maps discovered:
D:1:      saegor_arrival_simple_a, layout_basic,
          ebering_ecumenical_altar_abandoned
D:2:      layout_basic, basic_altar, uniq_jessica, uniq_terence, uniq_natasha

Skill      XL: |  1  2  3  4 |
---------------+-------------+-----
Ranged Weapons | 5 6 |  6.0
Dodging        | 3 |  3.1
Fighting       | |  2.4
Stealth        | |  0.7

Action                     |  1- 3 |  4- 6 || total
---------------------------+-------+-------++-------
   Fire: Shortbow          |    71 |    23 ||    94
    Use: Scroll            |       |     1 ||     1
 Armour: Leather armour    |     5 |     3 ||     8
  Dodge: Dodged            |    20 |    13 ||    33
